 Dungeon Crawl Stone Soup version 0.27-a0-1591-gc56fcc985a (webtiles) character file.

Game seed: 3442704201241277114

354 Anon1729 the Insei (level 6, -1/70 HPs)
             Began as a Merfolk Monk on July 19, 2021.
             Was a High Priest of Elyvilon.
             Slain by a centaur (4 damage)
             ... on level 5 of the Dungeon.
             The game lasted 00:08:03 (5758 turns).

Anon1729 the Insei (Merfolk Monk)                   Turns: 5758, Time: 00:08:04

Health: -1/70      AC: 23    Str: 11    XL:     6   Next: 62%
Magic:  6/6        EV:  2    Int: 12    God:    Elyvilon [*****.]
Gold:   230        SH:  0    Dex: 22    Spells: 5/5 levels left

rFire    . . .     SeeInvis +     - Unarmed
rCold    . . .     Faith    .   (no shield)
rNeg     + + +     Spirit   .   (armour currently unavailable)
rPois    +         Reflect  .   (helmet currently unavailable)
rElec    .         Harm     .   (cloak currently unavailable)
rCorr    .         Rampage  .   (gloves currently unavailable)
Will     .....     NoTele   +   (boots currently unavailable)
Stlth    ++........             (no amulet)
HPRegen  0.21/turn              j - ring of see invisible
MPRegen  0.10/turn              q - +6 ring of dexterity

@: tree-form, invisible
A: stationary, stasis, torment immunity, boosted hp, (nimble swimmer 2),
(mertail)
a: Renounce Religion, Lesser Healing, Heal Other, Purification, Greater Healing,
Divine Vigour, Divine Protection


You were on level 5 of the Dungeon.
You worshipped Elyvilon.
Elyvilon was extremely pleased with you.
You were a tree.
You visited 1 branch of the dungeon, and saw 6 of its levels.

You collected 230 gold pieces.

Inventory:

Armour
 a - a +0 robe (melded)
 i - a +0 helmet (melded)
 r - a +0 pair of boots (melded)
Jewellery
 b - a ring of magical power
 j - a ring of see invisible (left branch)
 p - a ring of ice
 q - a +6 ring of dexterity (right branch)
Wands
 m - a wand of charming (7)
Scrolls
 c - 3 scrolls of teleportation
 d - a scroll of enchant armour {unknown}
 f - a scroll of amnesia {unknown}
 h - 2 scrolls of identify {unknown}
 l - a scroll of immolation {unknown}
Potions
 g - a potion of degeneration {unknown}
 k - a potion of mutation {unknown}
 n - a potion of curing {unknown}
 o - a potion of cancellation


   Skills:
 - Level 3.2 Fighting
 + Level 4.4 Dodging
 - Level 2.1 Stealth
 * Level 7.6 Unarmed Combat
 + Level 1.1 Invocations


You had 5 spell levels left.
You didn't know any spells.
Your spell library contained the following spells:

 Spells                   Type           Power      Damage    Failure   Level
 Freeze                   Ice            0%         1d3       32%         1
 Magic Dart               Conj           0%         1d3       32%         1
 Shock                    Conj/Air       0%         1d3       32%         1
 Summon Small Mammal      Summ           0%         N/A       32%         1
 Searing Ray              Conj           0%         3d3       45%         2
 Call Canine Familiar     Summ           0%         N/A       69%         3
 Conjure Flame            Conj/Fire      0%         6-21      69%         3
 Frozen Ramparts          Ice            0%         1d2       69%         3
 Gell's Gravitas          Tloc           0%         N/A       69%         3
 Ignite Poison            Fire/Tmut/Pois 0%         N/A       69%         3
 Lesser Beckoning         Tloc           0%         N/A       69%         3
 Portal Projectile        Hex/Tloc       0%         N/A       69%         3
 Summon Guardian Golem    Hex/Summ       0%         N/A       69%         3
 Swiftness                Air            0%         N/A       69%         3
 Teleport Other           Tloc           0%         N/A       69%         3
 Airstrike                Air            0%         N/A       97%         4
 Fulminant Prism          Conj/Hex       0%         3d6       97%         4
 Hailstorm                Conj/Ice       0%         3d3       97%         4
 Leda's Liquefaction      Hex/Erth       0%         N/A       97%         4
 Sticky Flame             Conj/Fire      0%         2d3       97%         4


Dungeon Overview and Level Annotations

Branches:
Dungeon (6/15)
 Temple: D:4-7

Altars:
Elyvilon
Gozag
Zin

Shops:
D:1 (   D:3 [   D:4 (   D:5 [

Annotations:
D:3 exclusion: scorpion


Innate Abilities, Weirdness & Mutations

You are a tree.
Your roots penetrate the ground, keeping you stationary.
You cannot be teleported.
You are immune to unholy pain and torment.
Your maximum health is greatly increased.
Your equipment is partially melded.
((You are quick and stealthy near water. (Stealth+, EV+, Speed+++)))
((Your lower body shifts to a powerful aquatic tail in water.))


Message History

The centaur kicks you but does no damage.
There is an open door, spattered with blood here.
The gnoll sergeant shouts!
You hit the centaur.
The centaur is moderately wounded.
The centaur hits you but does no damage.
The centaur barely misses you.
You hit the centaur but do no damage.
The centaur is moderately wounded.
The centaur hits you. The centaur kicks you. The centaur barely misses you.
The centaur kicks you.
The gnoll shouts!
You hit the centaur but do no damage.
The centaur is moderately wounded.
The centaur hits you.
* * * LOW HITPOINT WARNING * * *
The centaur kicks you.
* * * LOW HITPOINT WARNING * * *
As you read the scroll of teleportation, it crumbles to dust.
You feel strangely unstable. The centaur hits you.
* * * LOW HITPOINT WARNING * * *
The centaur misses you.
The centaur wields a +0 shortbow.
The centaur shoots an arrow.
The arrow hits you.
* * * LOW HITPOINT WARNING * * *
You close the door.
It was a potion of cancellation.
You feel strangely stable.
You feel magically purged.
Something unseen opens the door.
It was a potion of lignification.
You turn into a tree.
Your +0 helmet melds into your body.
Your +0 pair of boots melds into your body.
Your +0 robe melds into your body.
Your roots penetrate the ground.
The centaur unwields a +0 shortbow.
The centaur hits you but does no damage.
The centaur kicks you but does no damage.
It was a potion of invisibility.
You fade into invisibility!
The centaur hits you.
You die...

#..##
#....##########.........#
##..#########.
...............#
##...........
........########
##.......... .........##
#......#########......#
##.#####..$$$..#....g.##
#<# #._.$._.#.......#
##.## #.......#.......##
####...#
#...♣.##........#
##......#
###c###.........##
........##
#.g..g..........#
.......#.#
#...............#
.......#.#
##..............#
......##.##
##..>.........##
......##..#
###.........##
.....####.# ###########
.....# #.###


You could see a gnoll sergeant and a centaur.

Vanquished Creatures
  An ogre (D:5)
  A water moccasin skeleton (D:5)
  A jelly (D:4)
  A hound (D:5)
  An iguana (D:5)
  Robin (D:1)
  5 adders
  An ufetubus (D:2)
  9 orcs
  2 ball pythons
  2 endoplasms (D:1)
  A giant cockroach (D:2)
  7 hobgoblins
  6 jackals
  3 quokkas
  3 bats
  6 frilled lizards
  11 goblins
  4 kobolds
  5 rats
71 creatures vanquished.

Vanquished Creatures (others)
  Menkaure (D:6)
1 creature vanquished.

Grand Total: 72 creatures vanquished

Notes
Turn   | Place    | Note
-------+----------+-------------------------------------------
     0 | D:1      | Anon1729 the Merfolk Monk began the quest for the Orb.
     0 | D:1      | Reached XP level 1. HP: 18/18 MP: 1/1
   273 | D:1      | Reached XP level 2. HP: 21/24 MP: 2/2
   357 | D:1      | Reached skill level 4 in Unarmed Combat
   638 | D:1      | Found Kohaon's Antique Weapon Boutique.
   915 | D:2      | Reached XP level 3. HP: 26/29 MP: 3/3
   962 | D:2      | Found a faded altar of an unknown god.
  1187 | D:2      | Noticed Robin
  1580 | D:1      | Killed Robin
  1581 | D:1      | Reached skill level 5 in Unarmed Combat
  1862 | D:2      | Reached XP level 4. HP: 8/35 MP: 4/4
  1871 | D:2      | Became a worshipper of Elyvilon the Healer
  1871 | D:2      | Reached * piety under Elyvilon
  1871 | D:2      | Reached ** piety under Elyvilon
  2268 | D:2      | Reached *** piety under Elyvilon
  2802 | D:3      | Found Lyvy's Antique Armour Shop.
  2826 | D:3      | Noticed a scorpion
  2841 | D:3      | You fall into a shaft and drop 2 floors!
  2841 | D:5      | Entered Level 5 of the Dungeon
  2841 | D:5      | Noticed Menkaure
  2841 | D:5      | Noticed a gnoll sergeant
  3060 | D:4      | Reached skill level 6 in Unarmed Combat
  3060 | D:4      | Reached XP level 5. HP: 5/41 MP: 5/5
  3361 | D:4      | Found Mexzug's Firing Range.
  3430 | D:4      | Reached **** piety under Elyvilon
  4167 | D:5      | Found Jangu's Armour Shop.
  4170 | D:5      | Noticed an ogre
  4726 | D:5      | Killed an ogre
  4727 | D:5      | Reached skill level 7 in Unarmed Combat
  4727 | D:5      | Reached XP level 6. HP: 20/47 MP: 6/6
  5542 | D:5      | Reached ***** piety under Elyvilon
  5666 | D:5      | Reached skill level 1 in Invocations
  5677 | D:5      | Found an opulent altar of Gozag.
  5678 | D:5      | Found a glowing silver altar of Zin.
  5689 | D:6      | Noticed a troll
  5697 | D:6      | Your ally died
  5754 | D:5      | HP: 1/47 [centaur/arrow (6)]
  5758 | D:5      | Slain by a centaur

Illustrated notes

Levels and vault maps discovered:
D:1:      psy_arrival_basics, layout_loops_ring, serial_shops,
          nicolae_shop_behind_doors, hangedman_decor_clover_reticule,
          feat_on_display
D:2:      layout_rooms, hellmonk_ecumenical_altar_zigzags, grunt_ministairs_14,
          uniq_robin
D:3:      layout_loops_cross, serial_shops, nicolae_shop_waterfront
D:4:      layout_basic, serial_corexii_hall, corexii_hall_statues_x,
          corexii_hall_statues_deadend, hangedman_decor_points,
          nicolae_shop_firing_range
D:5:      layout_cave_pods, grunt_temple_overflow_gold_and_silver, serial_shops,
          nicolae_shop_crystal, uniq_menkaure
D:6:      layout_rooms, minmay_hollow_rounded_squares

Skill      XL: |  1  2  3  4  5  6 |
---------------+-------------------+-----
Unarmed Combat | 4 5 6 7 |  7.6
Invocations    | 1 |  1.1
Fighting       | |  3.2
Dodging        | |  4.4
Stealth        | |  2.1

Action                   |  1- 3 |  4- 6 || total
-------------------------+-------+-------++-------
Melee: Unarmed           |   114 |   142 ||   256
       Punch             |       |     7 ||     7
Evoke: Wand              |       |     1 ||     1
  Use: Scroll            |       |     2 ||     2
       Potion            |       |     3 ||     3
 Stab: Sleeping          |     2 |     4 ||     6
Armor: Robe              |    19 |    18 ||    37
       Skin              |       |     2 ||     2
Dodge: Dodged            |    83 |   105 ||   188

Table legend: (Time is in decaauts)
 A = Elapsed time spent in this place.
 B = Non-inter-level travel time spent in this place.
 C = Inter-level travel time spent in this place.
 D = Time resting spent in this place.
 E = Time spent auto-exploring this place.
 F = Levels seen in this place.
 G = Mean time per level.
                   A        B        C        D        E       F      G
               +--------+--------+--------+--------+--------+-----+--------+
         Total |   5730 |   5535 |    195 |   1184 |   3643 |   6 |  955.0 |
       Dungeon |   5730 |   5535 |    195 |   1184 |   3643 |   6 |  955.0 |
               +--------+--------+--------+--------+--------+-----+--------+

Top non-repeatable levels by time:
     D:4: 1284 daAuts
     D:2: 1280 daAuts
     D:1: 1262 daAuts
     D:5: 1089 daAuts
     D:3: 788 daAuts
     D:6: 25 daAuts
